 Dungeon Crawl Stone Soup version 0.25.1-8-g42b30a86e7 (webtiles) character file.

Game seed: 7369041237154148637

435 Descartes the Sneak (level 6, -8/25 HPs)
             Began as a Felid Wanderer on Dec 14, 2020.
             Killed by nerve-wracking pain
             ... invoked by Grinder
              (9 damage)
             ... while paralysed by Grinder
             ... on level 5 of the Dungeon.
             The game lasted 00:08:26 (4496 turns).

Descartes the Sneak (Felid Wanderer)                Turns: 4496, Time: 00:08:27

Health: -8/25      AC:  6    Str: 10    XL:     6   Next: 68%
Magic:  8/8        EV:  4    Int: 12    God:
Gold:   331        SH:  0    Dex: 17    Spells: 5/7 levels left
                                        Lives:  0   Deaths: 1

rFire    . . .     SeeInvis +     - Unarmed
rCold    . . .     Gourm    .   (shield unavailable)
rNeg     . . .     Faith    .   (armour unavailable)
rPois    .         Spirit   .   (helmet unavailable)
rElec    .         Reflect  .   (cloak unavailable)
rCorr    .         Harm     .   (gloves unavailable)
MR       .....                  (boots unavailable)
Stlth    ++++......             a - amulet of regeneration
HPRegen  0.48/turn              k - +4 ring of evasion
MPRegen  0.11/turn              g - +4 ring of protection

@: paralysed, quick
A: very small, no armour, no weapons or thrown items, stealth, claws 1, fangs 3,
see invisible, carnivore, speed 1, shaggy fur 2, slow metabolism 1, sharp paws
a: no special abilities


You were on level 5 of the Dungeon.
You were completely stuffed.

You visited 1 branch of the dungeon, and saw 5 of its levels.

You collected 331 gold pieces.

Inventory:

Missiles
 w - 64 stones
 y - 25 arrows
Jewellery
 a - an amulet of regeneration (around neck)
 g - a +4 ring of protection (right paw)
 k - a +4 ring of evasion (left paw)
 n - an uncursed amulet of reflection
 B - an uncursed ring of positive energy
Scrolls
 b - 3 scrolls of teleportation
 f - a scroll of enchant weapon
 h - a scroll of identify
 l - a scroll of magic mapping
 x - a scroll of noise {unknown}
Potions
 d - 6 potions of curing
 e - a potion of might
 j - 4 potions of cancellation
 m - 2 potions of heal wounds {unknown}
 o - 2 potions of haste
 q - a potion of berserk rage {unknown}
 r - a potion of invisibility {unknown}
 u - 2 potions of magic {unknown}
 A - a potion of flight {unknown}
Comestibles
 c - 7 rations
 z - a chunk of flesh


   Skills:
 - Level 1.0 Fighting
 + Level 5.5 Dodging
 + Level 6.8 Stealth
 + Level 3.6 Unarmed Combat
 - Level 1.0 Spellcasting
 - Level 5.0 Translocations
   Level 1.1 Evocations


You had 5 spell levels left.
You knew the following spells:

 Your Spells              Type           Power        Failure   Level  Hunger
a - Blink                 Tloc           N/A          6%          2    ###....

Your spell library contained the following spells:

 Spells                   Type           Power        Failure   Level  Hunger
 Shroud of Golubria       Chrm/Tloc      #.....       16%         2    ###....


Dungeon Overview and Level Annotations

Branches:
Dungeon (5/15)
 Temple: D:4-7

Altars:
Ashenzari
Elyvilon
Gozag
Okawaru
Zin

Shops:
D:5 *

Annotations:
D:5 Grinder


Innate Abilities, Weirdness & Mutations

You cannot wear armour.
You are incapable of wielding weapons or throwing items.
Your paws allow you to move quietly. (Stealth)
You have sharp claws.
You have razor-sharp teeth.
You have supernaturally acute eyesight. (SInv)
You are carnivorous and can eat meat at any time.
You cover ground quickly.
You are covered in thick fur. (AC +2)
You have a slow metabolism.
Your sharp claws are effective at attacking unaware monsters.


Message History

Grinder is severely wounded.
Grinder barely misses you.
You scratch Grinder but do no damage.
Grinder is severely wounded.
Grinder closely misses you.
You scratch Grinder.
Grinder is almost dead.
Grinder gestures at you.
You suddenly lose the ability to move!
Grinder gestures at you. Pain shoots through your body!
Grinder gestures at you. You resist with some effort. Grinder hits you!
* * * LOW HITPOINT WARNING * * *
You writhe in agony.
* * * LOW HITPOINT WARNING * * *
Grinder gestures at you. Pain shoots through your body!
You die...

.. #............... #.#
#.......)....... ..
#............... #.
##......##+##....
##.##.......#...#..#.
#.....##....#...#....
#..#....<.###....#.##. #..
#....)..⌠.##'#..⌠#. .
#.@................ ###
####.5)#####.......###
....#......# .#..........
......##...# .+..._...+..
#..(....# .#.......#..
..#...$...###.#.......###
.........(....#.........#.
..............#⌠.##+#..⌠#.
###....>.....(o###...####o


You could see Grinder.

Vanquished Creatures
  An ogre (D:5)
  2 centaurs (D:5)
  A hound (D:4)
  An orc priest (D:5)
  An orc wizard (D:4)
  A centaur skeleton (D:4)
  2 worker ants (D:4)
  3 adders
  A worm (D:4)
  A dart slug (D:3)
  18 orcs
  4 bats
  4 giant cockroaches
  3 goblins
  9 hobgoblins
  5 jackals
  A quokka (D:3)
  3 ball pythons
  5 frilled lizards
  A jackal skeleton (D:5)
  2 kobolds (D:1)
  5 rats
74 creatures vanquished.

Notes
Turn   | Place    | Note
-------+----------+-------------------------------------------
     0 | D:1      | Descartes the Felid Wanderer began the quest for the Orb.
     0 | D:1      | Descartes set off with the following items: a scroll of
                  | teleportation, a ration; and the following spells available
                  | to memorise: Blink, Shroud of Golubria
     0 | D:1      | Reached XP level 1. HP: 9/9 MP: 3/3
    46 | D:1      | Reached skill level 3 in Stealth
   386 | D:1      | Reached skill level 4 in Stealth
   386 | D:1      | Reached XP level 2. HP: 12/12 MP: 4/4
   525 | D:1      | Learned a level 2 spell: Blink
  1084 | D:2      | Found a white marble altar of Elyvilon.
  1228 | D:2      | Reached XP level 3. HP: 12/15 MP: 5/5
  2583 | D:3      | Found a faded altar of an unknown god.
  2911 | D:4      | Reached XP level 4. HP: 16/19 MP: 6/6
  2981 | D:4      | Reached skill level 5 in Stealth
  3207 | D:4      | Reached XP level 5. HP: 16/22 MP: 7/7
  3240 | D:4      | Found an iron altar of Okawaru.
  3284 | D:4      | Killed from afar by an orc wizard
  3285 | D:4      | Reached XP level 4. HP: -1/19 MP: 6/6
  3429 | D:4      | Reached XP level 5. HP: 7/22 MP: 7/7
  3471 | D:4      | Found a glowing silver altar of Zin.
  4055 | D:5      | Entered Level 5 of the Dungeon
  4062 | D:5      | Found an opulent altar of Gozag.
  4062 | D:5      | Found Gozag's Platinum Reserve.
  4146 | D:5      | Noticed a centaur
  4152 | D:5      | Killed a centaur
  4152 | D:5      | Reached skill level 6 in Stealth
  4152 | D:5      | Reached skill level 5 in Translocations
  4167 | D:5      | Noticed an ogre
  4180 | D:5      | Killed an ogre
  4180 | D:5      | Reached skill level 5 in Dodging
  4180 | D:5      | Gained mutation: You are covered in thick fur. (AC +2)
                  | [Felid growth]
  4180 | D:5      | Reached XP level 6. HP: 13/25 MP: 8/8
  4283 | D:5      | Noticed Grinder
  4283 | D:5      | Paralysed by Grinder for 2 turns
  4345 | D:5      | Found a shattered altar of Ashenzari.
  4479 | D:5      | Paralysed by Grinder for 7 turns
  4492 | D:5      | Paralysed by Grinder for 6 turns
  4495 | D:5      | HP: 1/25 [Grinder (6)]
  4496 | D:5      | Killed from afar by Grinder

Illustrated notes

Levels and vault maps discovered:
D:1:      nzn_arrival_depleted_hourglass, layout_basic, serial_glass,
          glass_columns_a, glass_columns_a, glass_columns_a, glass_columns_b,
          glass_columns_b, glass_columns_a, due_unseen_surprise,
          feat_on_display, minmay_tromino_i4
D:2:      layout_basic, elyvilon_altar_4, kennysheep_another_room
D:3:      layout_basic, chequers_ecumenical_altar_twisty
D:4:      layout_basic, zin_scriptorium, okawaru_trees_2
D:5:      layout_rooms, evilmike_ruin_ashenzari, minmay_temple_entry_overgrown,
          basic_altar, first_ration, nicolae_gozag_zags_fifth_avenue,
          uniq_grinder

Skill      XL: |  1  2  3  4  5 |
---------------+----------------+-----
Stealth        | 4 5 6 |  6.8
Dodging        | 3 5 |  5.5
Unarmed Combat | 2 3 |  3.6
Translocations | 4 5 |  5.0
Fighting       | |  1.0
Spellcasting   | |  1.0
Evocations     | |  1.1

Action                   |  1- 3 |  4- 6 || total
-------------------------+-------+-------++-------
Melee: Unarmed           |   155 |   157 ||   312
       Bite              |    16 |    12 ||    28
       Punch             |     1 |     3 ||     4
  Use: Scroll            |       |     8 ||     8
 Stab: Sleeping          |    13 |     6 ||    19
       Distracted        |     2 |       ||     2
  Eat: Chunk             |    10 |     9 ||    19
Armor: Skin              |    18 |     8 ||    26
Dodge: Dodged            |   161 |   130 ||   291
